[ PARTIDA AOE2 · #459676306 ]
UnrankedTeutones vs Franks
Equipo del jugador · VICT
Equipo rival · DERR
[ ANÁLISIS DE REPETICIÓN · EXTRAÍDO DE LA PARTIDA GRABADA ]
Feudal
11:17
Castillos
18:48
Imperial
—
| APM promedio | 30.4 |
| APM pico | 82 |
| eAPM promedio | 10.2 |
| Aldeanos / militares | 60 / 29 |
Foco
⚔️ 17.7% · 🌾 82.3%
Knight ×28 · Scout Cavalry ×1
Feudal
13:17
Castillos
17:47
Imperial
—
| APM promedio | 20.2 |
| APM pico | 40 |
| eAPM promedio | 11.1 |
| Aldeanos / militares | 37 / 7 |
Foco
⚔️ 19.3% · 🌾 80.7%
Spearman ×4 · Knight ×3
Mapa de la partida
Recursos iniciales + cada clic de construcción. Líneas = muros · curvas = relieve. ◆ oro · ⬟ piedra · ● bayas · ✦ reliquia · ◌ hueco del cierre
Tu base· ✓ Cerrada en 18:48 · 57t muro · 2 puerta(s)
Base de AKASH-KAILAS· Abierta — hueco de 7t
Terreno inicial suavizado · ◌ = hueco del cierre detectado · pasá el cursor para detalles
Inputs por minuto
— Jespi6 - - AKASH-KAILAS
Build order — Jespi6
115 acciones detectadas en el replay
| 0:01 | Crear | Villager (Male) ×4 |
| 0:01 | Crear | Villager (Male) ×4 |
| 0:04 | Construir | House |
| 0:06 | Construir | House |
| 1:35 | Crear | Villager (Male) |
| 1:35 | Crear | Villager (Male) |
| 2:22 | Crear | Villager (Male) |
| 2:23 | Crear | Villager (Male) |
| 2:23 | Crear | Villager (Male) |
| 2:23 | Crear | Villager (Male) |
| 2:55 | Construir | House |
| 3:02 | Crear | Villager (Male) |
| 3:03 | Crear | Villager (Male) |
| 3:03 | Crear | Villager (Male) |
| 3:10 | Crear | Villager (Male) |
| 3:11 | Crear | Villager (Male) |
| 3:45 | Crear | Villager (Male) |
| 3:45 | Crear | Villager (Male) |
| 3:45 | Crear | Villager (Male) |
| 4:05 | Construir | Lumber Camp |
| 4:08 | Crear | Villager (Male) |
| 4:09 | Crear | Villager (Male) |
| 4:18 | Construir | Lumber Camp |
| 5:10 | Construir | Outpost |
| 5:17 | Construir | Mill |
| 5:21 | Crear | Villager (Male) |
| 5:22 | Crear | Villager (Male) |
| 5:22 | Crear | Villager (Male) |
| 5:22 | Crear | Villager (Male) |
| 5:23 | Crear | Villager (Male) |
| 5:23 | Crear | Villager (Male) |
| 6:57 | Crear | Villager (Male) |
| 7:12 | Construir | Barracks |
| 7:18 | Construir | Palisade Wall |
| 7:23 | Construir | Palisade Wall |
| 7:28 | Construir | Palisade Gate |
| 7:33 | Construir | House |
| 7:41 | Construir | Palisade Wall |
| 7:43 | Crear | Villager (Male) |
| 7:43 | Crear | Villager (Male) |
| 7:44 | Crear | Villager (Male) |
| 7:44 | Crear | Villager (Male) |
| 8:22 | Construir | House |
| 8:29 | Investigar | Feudal Age |
| 8:31 | Investigar | Loom |
| 8:45 | Investigar | Feudal Age |
| 9:00 | Construir | House |
| 9:02 | Construir | House |
| 9:03 | Construir | House |
| 9:18 | Construir | Palisade Wall |
| 9:20 | Crear | Villager (Male) |
| 9:21 | Crear | Villager (Male) |
| 9:21 | Crear | Villager (Male) |
| 9:27 | Construir | Palisade Gate |
| 9:30 | Crear | Villager (Male) |
| 9:30 | Crear | Villager (Male) |
| 10:03 | Construir | House |
| 10:05 | Construir | House |
| 10:13 | Construir | House |
| 10:20 | Construir | Palisade Wall |
| 10:31 | Crear | Villager (Male) |
| 10:31 | Crear | Villager (Male) |
| 10:31 | Crear | Villager (Male) |
| 10:31 | Crear | Villager (Male) |
| 10:31 | Crear | Villager (Male) |
| 10:32 | Crear | Villager (Male) |
| 10:41 | Construir | Farm |
| 10:41 | Construir | Farm |
| 10:43 | Construir | Farm |
| 10:45 | Construir | Farm |
| 10:47 | Construir | Farm |
| 10:50 | Construir | Farm |
| 10:51 | Construir | Farm |
| 10:53 | Construir | Farm |
| 11:01 | Construir | House |
| 11:09 | Construir | Palisade Wall |
| 11:17 | Edad | Edad Feudal |
| 11:19 | Crear | Villager (Male) |
| 11:19 | Crear | Villager (Male) |
| 11:47 | Construir | Palisade Wall |
| 11:55 | Construir | Mill |
| 11:56 | Crear | Villager (Male) |
| 11:56 | Crear | Villager (Male) |
| 11:56 | Crear | Villager (Male) |
| 13:02 | Construir | Stable |
| 13:09 | Construir | Farm |
| 13:10 | Crear | Villager (Male) |
| 13:10 | Crear | Villager (Male) |
| 13:10 | Crear | Villager (Male) |
| 13:42 | Construir | Mining Camp |
| 14:35 | Construir | Market |
| 15:31 | Construir | Mining Camp |
| 16:08 | Investigar | Castle Age |
| 16:45 | Construir | Stable |
| 18:25 | Crear | Scout Cavalry |
| 18:48 | Edad | Edad de los Castillos |
| 18:53 | Crear | Knight ×5 |
| 18:54 | Crear | Knight ×5 |
| 19:32 | Construir | Castle |
| 20:52 | Crear | Knight ×3 |
| 20:52 | Crear | Knight ×3 |
| 20:52 | Crear | Knight ×3 |
| 21:23 | Construir | Farm |
| 21:30 | Crear | Villager (Male) |
| 21:30 | Crear | Villager (Male) |
| 23:13 | Crear | Knight ×3 |
| 23:13 | Crear | Knight ×3 |
| 23:14 | Crear | Knight ×3 |
| 23:41 | Crear | Villager (Male) |
| 23:41 | Crear | Villager (Male) |
| 23:41 | Crear | Villager (Male) |
| 23:42 | Crear | Villager (Male) |
| 24:43 | Construir | Castle |
| 25:18 | Construir | Farm |
| 25:19 | Construir | Farm |
Build order — AKASH-KAILAS
78 acciones detectadas en el replay
| 0:05 | Crear | Villager (Male) ×4 |
| 0:14 | Construir | House |
| 1:39 | Construir | House |
| 1:56 | Crear | Villager (Male) |
| 2:59 | Crear | Villager (Male) |
| 2:59 | Crear | Villager (Male) |
| 3:28 | Crear | Villager (Male) |
| 3:54 | Crear | Villager (Male) |
| 4:22 | Construir | House |
| 4:54 | Crear | Villager (Male) |
| 4:54 | Crear | Villager (Male) |
| 4:54 | Crear | Villager (Male) |
| 5:16 | Construir | House |
| 6:00 | Crear | Villager (Male) |
| 6:00 | Crear | Villager (Male) |
| 6:04 | Construir | Lumber Camp |
| 6:54 | Crear | Villager (Male) |
| 7:26 | Crear | Villager (Male) |
| 7:26 | Crear | Villager (Male) |
| 7:26 | Crear | Villager (Male) |
| 8:04 | Crear | Villager (Male) |
| 8:04 | Crear | Villager (Male) |
| 8:07 | Construir | House |
| 8:40 | Construir | Mill |
| 9:52 | Crear | Villager (Male) |
| 9:52 | Crear | Villager (Male) |
| 10:11 | Construir | Farm |
| 10:26 | Construir | Mining Camp |
| 10:34 | Investigar | Loom |
| 10:34 | Investigar | Feudal Age |
| 11:48 | Construir | Barracks |
| 12:09 | Construir | Farm |
| 13:17 | Edad | Edad Feudal |
| 13:20 | Crear | Villager (Male) |
| 13:34 | Construir | Stable |
| 13:52 | Crear | Villager (Male) |
| 14:30 | Construir | Blacksmith |
| 14:33 | Crear | Villager (Male) |
| 15:07 | Investigar | Castle Age |
| 15:12 | Construir | Mining Camp |
| 16:22 | Construir | House |
| 17:00 | Construir | Farm |
| 17:05 | Construir | Farm |
| 17:47 | Edad | Edad de los Castillos |
| 17:54 | Crear | Knight |
| 17:55 | Crear | Knight |
| 18:04 | Crear | Villager (Male) |
| 18:36 | Crear | Villager (Male) |
| 19:01 | Crear | Knight |
| 19:16 | Construir | Castle |
| 19:54 | Construir | House |
| 19:59 | Construir | House |
| 20:02 | Construir | House |
| 20:04 | Construir | House |
| 20:08 | Construir | House |
| 20:39 | Investigar | Pikeman (upgrade) |
| 20:51 | Construir | Barracks |
| 20:54 | Crear | Villager (Male) |
| 20:55 | Crear | Villager (Male) |
| 20:58 | Construir | House |
| 21:02 | Construir | Farm |
| 21:06 | Crear | Villager (Male) |
| 21:06 | Crear | Villager (Male) |
| 21:24 | Crear | Villager (Male) |
| 21:24 | Crear | Villager (Male) |
| 21:26 | Crear | Spearman |
| 21:26 | Crear | Spearman |
| 22:11 | Crear | Spearman |
| 23:06 | Crear | Villager (Male) |
| 23:25 | Crear | Spearman |
| 23:36 | Construir | Farm |
| 23:52 | Crear | Villager (Male) |
| 24:01 | Construir | Farm |
| 24:08 | Construir | Town Center |
| 24:25 | Crear | Villager (Male) |
| 24:26 | Crear | Villager (Male) |
| 24:28 | Construir | Farm |
| 24:33 | Construir | Farm |
Cronología de la partida
| 7:12 | Jespi6 · first_building Barracks |
| 7:18 | Jespi6 · wall_segment Palisade Wall x7 |
| 7:23 | Jespi6 · wall_segment Palisade Wall x4 |
| 7:41 | Jespi6 · wall_segment Palisade Wall x13 |
| 9:18 | Jespi6 · wall_segment Palisade Wall x8 |
| 10:20 | Jespi6 · wall_segment Palisade Wall x8 |
| 11:09 | Jespi6 · wall_segment Palisade Wall x6 |
| 11:17 | Jespi6 · age_up feudal |
| 11:47 | Jespi6 · wall_segment Palisade Wall x11 |
| 11:48 | AKASH-KAILAS · first_building Barracks |
| 13:02 | Jespi6 · first_building Stable |
| 13:17 | AKASH-KAILAS · age_up feudal |
| 13:34 | AKASH-KAILAS · first_building Stable |
| 17:47 | AKASH-KAILAS · age_up castle |
| 18:48 | Jespi6 · age_up castle |
| 19:16 | AKASH-KAILAS · first_building Castle |
| 19:18 | Jespi6 · first_market_sell 100 food |
| 19:21 | Jespi6 · first_market_buy 100 stone |
| 19:32 | Jespi6 · first_building Castle |
| 25:39 | AKASH-KAILAS · resign |
[ ANÁLISIS IA · 1 CRÉDITO ]
¿Qué pasó realmente en esta partida?
Wolo.gg analiza cada decisión: build order, eco, micro, errores típicos por bracket. Análisis personalizado por WhatsApp o Discord en 30 segundos.
Guía civ
Teutones
Perfil
Jugador #5229064